 Dungeon Crawl Stone Soup version 0.22-a0-266-g5fdf0d7 (webtiles) character file.

315 HEYYEYAAE the Caller (level 5, -6/42 HPs)
             Began as a Demigod Summoner on Mar 8, 2018.
             Killed by divine providence
             ... invoked by an orc priest
              (16 damage)
             ... on level 3 of the Dungeon.
             The game lasted 00:05:27 (3920 turns).

HEYYEYAAE the Caller (Demigod Summoner)             Turns: 3920, Time: 00:05:28

Health: -6/42      AC:  5    Str: 16    XL:     5   Next: 99%
Magic:  7/12       EV: 13    Int: 21    God:
Gold:   104        SH:  0    Dex: 16    Spells: 7/10 levels left

rFire    . . .     SeeInvis .   g - +2 dagger (elec)
rCold    . . .     Gourm    .   (no shield)
rNeg     . . .     Faith    .   a - +0 robe
rPois    .         Spirit   .   o - +1 helmet
rElec    .         Reflect  .   (no cloak)
rCorr    .         Harm     .   (no gloves)
MR       .....                  m - +0 pair of boots
Stlth    ++........             (no amulet)
HPRegen  0.14/turn              n - +5 ring of strength
MPRegen  0.13/turn              (no ring)

@: no status effects
A: high mp 1
a: no special abilities


You were on level 3 of the Dungeon.
You were not hungry.

You visited 1 branch of the dungeon, and saw 4 of its levels.

You collected 104 gold pieces.

Inventory:

Hand Weapons
 e - a +0 hand axe
 g - a +2 dagger of electrocution (weapon)
Armour
 a - a +0 robe (worn)
 m - a +0 pair of boots (worn)
 o - a +1 helmet (worn)
Jewellery
 n - a +5 ring of strength (left hand)
Wands
 h - a wand of acid (8)
Scrolls
 b - 2 scrolls of enchant weapon {unknown}
 f - 2 scrolls of teleportation
 i - a scroll of identify {unknown}
 j - a scroll of fog {unknown}
 k - a scroll of enchant armour {unknown}
 l - 2 scrolls of amnesia {unknown}
Potions
 d - 4 potions of heal wounds {unknown}
 p - a potion of haste {unknown}
 q - a potion of degeneration {unknown}
Comestibles
 c - 6 rations


   Skills:
 + Level 2.4 Fighting
 - Level 0.7 Armour
 - Level 2.0 Dodging
 - Level 1.7 Stealth
 + Level 3.0 Spellcasting
 * Level 5.3 Summonings


You had 7 spell levels left.
You knew the following spells:

 Your Spells              Type           Power        Failure   Level  Hunger
a - Call Imp              Summ           ####....     2%          2    ##.....
b - Summon Small Mammal   Summ           ####         1%          1    None


Dungeon Overview and Level Annotations

Branches:
Dungeon (4/15)
 Temple: D:4-7

Annotations:
D:3 Sigmund
D:4 RoseArtemis's ghost, novice MiFi


Innate Abilities, Weirdness & Mutations

You have an increased reservoir of magic. (+10% MP)


Message History

The orc priest misses you.
Your crimson imp closely misses the orc priest.
You hit the orc priest.
The orc priest is almost dead.
The hobgoblin throws a stone.
The stone hits your crimson imp but does no damage.
Your shadow imp closely misses the orc priest.
Sigmund hits you from afar with a scythe of flaming.
Sigmund burns you.
* * * LOW HITPOINT WARNING * * *
The orc priest mumbles some strange prayers to Beogh against you.
Beogh smites you!
* * * LOW HITPOINT WARNING * * *
The orc priest completely misses you.
Your crimson imp blinks!
Your shadow imp barely misses the orc priest.
The orc priest barely misses your crimson imp.
The orc priest calls down the wrath of Beogh upon you.
Beogh smites you!
You die...

.... #...##... ..# ... #.####.###
#.# #.# ######## #.# #.######.#
#.####......# #.# #...>.....
####....#.#.##.####.# #.######..
...#)##.'.#.♣..'....# #.# #..
##.#.##.'..♣÷#.'.#..# #.######..
..[..####.##.#.#.#..# #.##......
##.######......#@5..####.##5###[.
........########o5..........# #..
.#.####.#.#....5..)########.###o.
.#.# #.#.#.g.o....@[÷....#......
.#.# ##.#.#.#####.............##.
.#.###....#.# #...##.......5##.
..........b.# #...##.##.###{##.
.#####...<..# #...##.##.###{###
.# ##.###.# #.#.##.##....#5.5


You could see Sigmund, 2 orc priests, 2 friendly crimson imps and a friendly
shadow imp.

Vanquished Creatures
  A phantom (D:2)
  A scorpion (D:4)
  Ijyb (D:3)
  A worker ant (D:4)
  A gnoll (D:3)
  2 adders
  An ooze (D:1)
  3 worms
  A dart slug (D:1)
  2 leopard geckos (D:2)
  An orc (D:4)
  A ball python (D:1)
  3 bats (D:1)
  A giant cockroach (D:1)
  A goblin (D:3)
  3 hobgoblins
  6 kobolds
  2 frilled lizards
  A quokka skeleton (D:4)
  3 rats
36 creatures vanquished.

Vanquished Creatures (collateral kills)
  A hound (D:4)
  3 gnolls (D:3)
  4 adders
  9 orcs
  3 giant cockroaches
  A ball python (D:2)
  3 bats
  4 goblins
  3 kobolds (D:1)
  A rat (D:3)
32 creatures vanquished.

Grand Total: 68 creatures vanquished

Notes
Turn   | Place    | Note
-------+----------+-------------------------------------------
     0 | D:1      | HEYYEYAAE the Demigod Summoner began the quest for the Orb.
     0 | D:1      | Reached XP level 1. HP: 14/14 MP: 5/5
    29 | D:1      | You fall through a shaft!
   848 | D:1      | Reached XP level 2. HP: 1/22 MP: 4/7
  1574 | D:1      | You fall through a shaft!
  1839 | D:2      | Reached skill level 4 in Summonings
  1905 | D:2      | Reached XP level 3. HP: 11/27 MP: 4/8
  1915 | D:2      | Reached skill level 1 in Fighting
  2170 | D:2      | Noticed a phantom
  2188 | D:2      | Killed a phantom
  2188 | D:2      | Reached XP level 4. HP: 24/36 MP: 7/10
  2789 | D:3      | Noticed Ijyb
  2796 | D:3      | Killed Ijyb
  2796 | D:3      | Reached XP level 5. HP: 36/41 MP: 9/11
  2818 | D:3      | Noticed Sigmund
  3059 | D:2      | Learned a level 2 spell: Call Imp
  3156 | D:4      | Found a glowing golden altar of the Shining One.
  3177 | D:4      | Reached skill level 5 in Summonings
  3511 | D:4      | Noticed RoseArtemis's ghost (novice MiFi)
  3657 | D:3      | HP: 2/42 [gnoll/spear (8)]
  3920 | D:3      | Killed from afar by an orc priest

Vault maps used:
D:1:      giann_forest_graveyard
D:3:      kennysheep_generic_room_12, uniq_sigmund, uniq_ijyb
D:4:      tso_metal_star

Skill      XL: |  1  2  3  4  5 |
---------------+----------------+-----
Spellcasting   | 2 3 |  3.0
Dodging        | 2 |  2.0
Summonings     | 4 5 |  5.3
Fighting       | 1 2 |  2.4
Armour         | |  0.7
Stealth        | |  1.7

Action                   |  1- 3 |  4- 6 || total
-------------------------+-------+-------++-------
Melee: Unarmed           |    18 |       ||    18
       Hand axe          |    13 |       ||    13
       Dagger            |    61 |    73 ||   134
 Cast: Summon Small Mamm |    26 |    11 ||    37
       Call Imp          |       |    32 ||    32
  Use: Scroll            |       |     1 ||     1
 Stab: Sleeping          |     2 |     2 ||     4
       Distracted        |     1 |       ||     1
  Eat: Chunk             |     4 |     7 ||    11
Armor: Robe              |    40 |    19 ||    59
Dodge: Dodged            |   104 |    65 ||   169

Table legend:
 A = Spawn XP
 B = Non-spawn XP
 C = Spawn XP percentage of total XP
 D = Spawn monster count
 E = Non-spawn monster count
 F = Spawn count percentage of total count
 G = Total turns spent on level
                    A         B        C        D         E        F      G
               +---------+---------+-------+---------+---------+-------+---------
         Total |       0 |     450 |   0.0 |       0 |      68 |   0.0 |  3920
               +---------+---------+-------+---------+---------+-------+---------
           D:1 |       0 |      32 |   0.0 |       0 |      18 |   0.0 |  1619
           D:2 |       0 |     161 |   0.0 |       0 |      15 |   0.0 |  1048
           D:3 |       0 |     122 |   0.0 |       0 |      20 |   0.0 |   864
           D:4 |       0 |     135 |   0.0 |       0 |      15 |   0.0 |   389
               +---------+---------+-------+---------+---------+-------+---------
